 Dungeon Crawl Stone Soup version 0.30-a0-778-g2ef04afb54 (webtiles) character file.

Game seed: 4179518532997363391

16449 Esekla the Covert (level 12, -3/84 HPs)
             Began as an Octopode Delver on Feb 15, 2023.
             Was an Initiate of Gozag.
             Engulfed by a steam dragon's steam (10 damage)
             ... on level 4 of the Lair of Beasts on Feb 16, 2023.
             The game lasted 01:20:26 (16201 turns).

Esekla the Covert (Octopode Delver)                Turns: 16201, Time: 01:20:27

Health: -3/84      AC:  1    Str: 11    XL:     12   Next: 37%
Magic:  21/21      EV: 15    Int: 23    God:    Gozag
Gold:   982        SH:  5    Dex: 14    Spells: 18/23 levels left

rFire   . . .      SeeInvis .    s - +0 dagger
rCold   . . .      Faith    .    E - +0 buckler
rNeg    . . .      Spirit   .    (helmet restricted)
rPois   .          Reflect  .    (no amulet)
rElec   .          Harm     .    v - ring of resist corrosion
rCorr   +          Rampage  .    w - +4 ring of slaying
Will    +....                    F - +6 ring of intelligence
Stlth   ++++++                   L - ring of willpower
HPRegen 0.34/turn                k - +4 ring of slaying
MPRegen 0.17/turn                (no ring)
                                 (no ring)
                                 (no ring)

@: no status effects
A: almost no armour, amphibious, 8 rings, camouflage 1, gelatinous body 1,
(nimble swimmer 1), tentacles
a: Renounce Religion, Potion Petition, Call Merchant, Bribe Branch


You were on level 4 of the Lair of Beasts.
You worshipped Gozag.
Gozag was pleased with you.
You visited 3 branches of the dungeon, and saw 15 of its levels.

You collected 2846 gold pieces.
You spent 252 gold pieces at shops.
You paid 1612 gold pieces to Gozag.

Inventory:

Hand Weapons
 a - a +2 scimitar of flaming
 e - a +2 long sword of electrocution
 r - a +4 trident of freezing
 s - a +0 dagger (weapon)
Missiles
 o - 21 poisoned darts
 q - 15 boomerangs (quivered)
 A - 9 javelins
Armour
 E - a +0 buckler (worn)
Jewellery
 k - a +4 ring of slaying (on tentacle)
 l - an amulet of magic regeneration
 v - a ring of resist corrosion (left tentacle)
 w - a +4 ring of slaying (right tentacle)
 F - a +6 ring of intelligence (on tentacle)
 L - a ring of willpower (on tentacle)
Wands
 c - a wand of quicksilver (19)
 f - a wand of digging (11)
 N - a wand of flame (8)
 O - a wand of mindburst (5)
 P - a wand of roots (8)
Scrolls
 b - a scroll of fog
 g - 2 scrolls of identify
 j - 3 scrolls of brand weapon
 n - 3 scrolls of enchant weapon
 p - a scroll of summoning {unknown}
 y - 2 scrolls of blinking
 D - a scroll of silence {unknown}
 M - a scroll of enchant armour {unknown}
Potions
 d - 2 potions of resistance
 h - 2 potions of brilliance
 i - 2 potions of berserk rage
 t - 6 potions of heal wounds
 u - 2 potions of ambrosia
 x - a potion of cancellation {unknown}
 z - a potion of magic {unknown}
 B - 3 potions of attraction
 C - 3 potions of curing
 H - a potion of invisibility {unknown}
 I - a potion of lignification {unknown}
 J - a potion of mutation {unknown}
 K - a potion of might {unknown}
 Q - a potion of flight {unknown}


   Skills:
 * Level 8.4 Fighting
 + Level 2.3(7.6) Short Blades
 * Level 11.3(11.5) Long Blades
 - Level 4.0 Throwing
 * Level 7.0 Dodging
 + Level 11.9 Stealth
 + Level 4.9 Shields
 * Level 6.2 Spellcasting
 * Level 1.7 Ice Magic
 * Level 2.8 Air Magic
 - Level 3.0 Poison Magic


You had 18 spell levels left.
You knew the following spells:

 Your Spells              Type           Power      Damage    Failure   Level
a - Ozocubu's Armour      Ice            15%        N/A       16%         3
v - Poisonous Vapours     Pois/Air       40%        N/A       4%          2

Your spell library contained the following spells:

 Spells                   Type           Power      Damage    Failure   Level
 Beastly Appendage        Tmut           14%        N/A       11%         1
 Foxfire                  Conj/Fire      28%        2x1d5     11%         1
 Ensorcelled Hibernation  Hex/Ice        22%        N/A       11%         2
 Spider Form              Tmut/Pois      14%        N/A       17%         3
 Summon Guardian Golem    Hex/Summ       7%         N/A       32%         3
 Anguish                  Hex/Necr       3%         N/A       71%         4
 Metabolic Englaciation   Hex/Ice        5%         N/A       90%         5
 Fireball                 Conj/Fire      3%         3d4       96%         5
 Yara's Violent Unravell  Hex/Tmut       3%         3d4       96%         5
 Starburst                Conj/Fire      3%         6d3       100%        6
 Enfeeble                 Hex            3%         N/A       100%        7
 Orb of Destruction       Conj           3%         9d5       100%        7
 Spellforged Servitor     Conj/Summ      3%         N/A       100%        7
 Storm Form               Tmut/Air       6%         N/A       100%        7
 Simulacrum               Ice/Necr       Unusable   N/A       N/A         6

Dungeon Overview and Level Annotations

Branches:
Dungeon (10/15)            Temple (1/1) D:5            Lair (4/5) D:10
  Swamp (0/4) Lair:3        Snake (0/4) Lair:3
  Slime: Lair:4-5       Orc: D:9-12

Altars:
Ashenzari
Cheibriados
Dithmenos
Elyvilon
Fedhas
Gozag
Hepliaklqana
Kikubaaqudgha
Makhleb
Nemelex Xobeh
Qazlal
Ru
Sif Muna
Vehumet
Wu Jian
Xom
Yredelemnul
Zin
The Shining One

Shops:
D:4 =   D:5 (   D:8 [   D:10 (

Portals:
Gauntlet: Lair:3

Annotations:
D:5 Eustachio
D:6 Dowan, Duvessa
D:10 2 runed translucent doors, exclusion: obsidian statue


Innate Abilities, Weirdness & Mutations

You cannot wear most types of armour.
You are amphibious.
You can wear up to eight rings at the same time.
Your skin changes colour to match your surroundings (Stealth+).
Your rubbery body absorbs attacks. (AC +1, EV +1)
((You are camouflaged when in or above water. (Stealth+)))
You have tentacles for arms and can constrict up to eight enemies at once.


Message History

A yak comes into view.
The catoblepas breathes a plume of calcifying dust at you.
The blast of calcifying dust hits you.
* * * LOW HITPOINT WARNING * * *
The yak bellows!
You hear a loud, deep croak!
Found a dented silver amulet.
Found a leather armour and a tin of tremorstones (2/2).
You see here an amulet of magic regeneration.
l - an amulet of magic regeneration Shopping list: removing an amulet of magic regeneration on D:4 The yak misses you.
The catoblepas breathes a plume of calcifying dust at you.
The blast of calcifying dust hits the komodo dragon!
The blast of calcifying dust hits the yak!
The blast of calcifying dust hits you.
* * * LOW HITPOINT WARNING * * *
The komodo dragon is engulfed in calcifying dust.
The komodo dragon is moving more slowly.
The yak is engulfed in calcifying dust.
The yak is moving more slowly.
The komodo dragon stops moving altogether!
The yak stops moving altogether!
A bullfrog comes into view.
The helpless bullfrog fails to defend itself.
You slice the bullfrog!! You burn the bullfrog.
You kill the bullfrog!
You see here 7 gold pieces.
You now have 982 gold pieces (gained 7).
The catoblepas is distracted by your dazzling golden aura.
There is a shaft here.
A steam dragon comes into view.
Your +2 scimitar of flaming stops flaming.
s - a +0 dagger (weapon)
The steam dragon hisses angrily.
The steam dragon breathes steam at you. The ball of steam hits you!!
* * * LOW HITPOINT WARNING * * *
The ball of steam hits the plant!!
The plant begins to die.
You are engulfed in a cloud of scalding steam.
You die...
Your body crumbles into a pile of gold.

#..P# #.^## #..#
# #..#
###.#..####
#P......#P####
#P.P....§§§..##
#PPPP...§§P#.P#
..PP##....@§..P#
.... #...#D#####
#.# ####### ##


You could see a steam dragon (catching breath).

Vanquished Creatures
  2 hydras
  Erica (D:8)
  A deep elf pyromancer (D:8)
  Pikel (D:7)
  A black mamba (Lair:2)
  4 cane toads
  A gargoyle (D:6)
  A rime drake (Lair:4)
  2 komodo dragons
  A hornet (Lair:2)
  A polar bear (Lair:3)
  6 blink frogs (Lair:4)
  Prince Ribbit (D:6)
  29 yaks
  Sigmund (D:2)
  2 wyverns
  A water moccasin (Lair:2)
  3 black bears
  A sky beast (D:8)
  3 orc warriors
  An ogre (D:7)
  10 wolves
  2 centaurs
  2 phantoms (D:6)
  A lemure (D:8)
  2 kobold brigands (D:7)
  12 bullfrogs
  3 scorpions
  6 wights
  13 killer bees (D:9)
  An electric eel (Lair:1)
  A quasit (D:3)
  4 orc priests
  5 jellies
  3 gnoll boudas
  3 iguanas
  6 orc wizards
  19 gnolls
  8 adders
  2 white imps (D:4)
  7 ufetubi
  2 worms
  5 dart slugs
  20 orcs
  6 endoplasms
  9 goblins
  12 hobgoblins
  5 jackals
  19 kobolds
  2 quokkas
  5 ball pythons
  9 bats
  3 frilled lizards
  9 rats
280 creatures vanquished.

Vanquished Creatures (others)
  An orc wizard (D:8)
  7 fungi
  8 plants
16 creatures vanquished.

Grand Total: 296 creatures vanquished

Notes
Turn   | Place    | Note
-------+----------+-------------------------------------------
     0 | D:5      | Esekla the Octopode Delver began the quest for the Orb.
     0 | D:5      | Reached XP level 1. HP: 16/16 MP: 1/1
    14 | D:5      | Found a staircase to the Ecumenical Temple.
    19 | D:5      | Noticed Eustachio
    47 | Temple   | Entered the Ecumenical Temple
   186 | Temple   | Became a worshipper of Gozag Ym Sagoz the Greedy
   269 | D:4      | Noticed a jelly
   311 | D:4      | Reached XP level 2. HP: 10/21 MP: 2/2
   619 | D:1      | Reached XP level 3. HP: 26/26 MP: 3/3
   923 | D:2      | Found a faded altar of an unknown god.
  1003 | D:2      | Noticed Sigmund
  2831 | D:3      | Found a sacrificial altar of Ru.
  2838 | D:3      | Reached XP level 4. HP: 23/31 MP: 5/5
  2852 | D:3      | Reached skill level 1 in Spellcasting
  2973 | D:4      | Reached XP level 5. HP: 27/36 MP: 6/6
  3256 | D:4      | Found Urho Nue's Jewellery Shop.
  3738 | D:2      | Killed Sigmund
  3739 | D:2      | Reached XP level 6. HP: 29/43 MP: 8/8
  4174 | D:4      | Found a basalt altar of Yredelemnul.
  4175 | D:4      | Found a stormy altar of Qazlal.
  4289 | D:4      | Reached XP level 7. HP: 33/48 MP: 10/10
  4679 | D:5      | Identified the +8 ring mail of Impermeability {-Cast Will+
                  | Str+6}
  5537 | D:5      | Reached skill level 1 in Short Blades
  5871 | D:6      | Found a sacrificial altar of Ru.
  5885 | D:5      | Reached skill level 1 in Throwing
  5885 | D:5      | Reached XP level 8. HP: 48/54 MP: 12/12
  5897 | D:5      | Reached skill level 5 in Long Blades
  6058 | D:6      | Found a glowing golden altar of the Shining One.
  6058 | D:6      | Found a burning altar of Makhleb.
  6060 | D:6      | Found a broken altar of Ashenzari.
  6060 | D:6      | Found a snail-covered altar of Cheibriados.
  6060 | D:6      | Found a shimmering altar of Xom.
  6116 | D:6      | Noticed a yak
  6341 | D:6      | Noticed a yak
  6400 | D:6      | Reached skill level 5 in Fighting
  6738 | D:6      | Found a shadowy altar of Dithmenos.
  6744 | D:6      | Noticed a yak
  6744 | D:6      | Noticed a yak
  6754 | D:6      | Noticed a gargoyle
  6759 | D:6      | Noticed Prince Ribbit
  6762 | D:6      | Killed Prince Ribbit
  6763 | D:6      | Reached skill level 1 in Shields
  6766 | D:6      | Killed a gargoyle
  6839 | D:6      | Noticed a wyvern
  6846 | D:6      | Killed a wyvern
  6847 | D:6      | Reached XP level 9. HP: 61/61 MP: 14/14
  7924 | D:6      | Reached skill level 10 in Stealth
  8563 | D:7      | Noticed Duvessa
  8563 | D:7      | Noticed Dowan
  8629 | D:7      | Noticed Pikel
  9236 | D:8      | Noticed a deep elf pyromancer
  9240 | D:8      | Killed a deep elf pyromancer
  9241 | D:8      | Reached skill level 5 in Dodging
  9241 | D:8      | Reached XP level 10. HP: 68/68 MP: 16/16
  9381 | D:8      | Found an ornate altar of the Wu Jian Council.
  9383 | D:8      | Noticed Erica
  9937 | D:7      | Killed Pikel
 10769 | D:8      | Found Hankiuc's Armour Shop.
 10979 | D:8      | Killed Erica
 10980 | D:8      | Reached skill level 5 in Spellcasting
 12330 | D:9      | Reached XP level 11. HP: 74/74 MP: 17/19
 12975 | D:10     | Entered Level 10 of the Dungeon
 12975 | D:10     | Noticed a sea snake
 13344 | D:10     | Found a runed translucent door.
 13374 | D:10     | Reached skill level 10 in Long Blades
 13577 | D:10     | Got the Elucidation of Nocuous Variation
 13581 | D:10     | Learned a level 2 spell: Poisonous Vapours
 13703 | D:10     | Found a runed translucent door.
 13712 | D:10     | Found a runed translucent door.
 13723 | D:10     | Found a runed translucent door.
 13770 | D:10     | Found a staircase to the Lair.
 13956 | D:10     | Noticed a sea snake
 14256 | D:10     | Noticed an obsidian statue
 14332 | D:10     | Bought a glowing scimitar for 252 gold pieces
 14374 | Lair:1   | Entered Level 1 of the Lair of Beasts
 14676 | Lair:1   | Reached skill level 1 in Poison Magic
 14802 | Lair:1   | Reached skill level 1 in Air Magic
 15549 | Lair:2   | Noticed an eight-headed hydra
 15572 | Lair:2   | Killed an eight-headed hydra
 15685 | Lair:2   | Reached XP level 12. HP: 77/82 MP: 21/21
 15847 | Lair:3   | Learned a level 3 spell: Ozocubu's Armour
 15884 | Lair:3   | Found a staircase to the Snake Pit.
 15983 | Lair:3   | Noticed a death yak
 15994 | Lair:3   | Noticed a death yak
 16002 | Lair:3   | Found a gate leading to a gauntlet.
 16022 | Lair:3   | You fall into a shaft and drop 1 floor!
 16022 | Lair:4   | Noticed an eight-headed hydra
 16024 | Lair:4   | Killed an eight-headed hydra
 16025 | Lair:4   | Reached skill level 1 in Ice Magic
 16096 | Lair:4   | Noticed a catoblepas
 16201 | Lair:4   | Engulfed by a steam dragon's steam

Illustrated notes

Levels and vault maps discovered:
D:1:      eino_arrival_water_star, layout_rooms
D:2:      layout_basic, ebering_ecumenical_altar_rust,
          kennysheep_cluttered_room, uniq_sigmund
D:3:      layout_loops_ring, nicolae_ru_great_annihilating_truth,
          hangedman_decor_points
D:4:      layout_rooms, jmf_multi_god_temple, serial_shops, nicolae_shop_stone,
          serial_demonic, serial_demonic_a, serial_demonic_c, serial_demonic_g,
          serial_demonic_d
D:5:      corexii_shantytown, layout_gridville, minmay_temple_entry_tees,
          uniq_eustachio
D:6:      layout_basic, doesnt_xom_only_xom, grunt_dithmenos_smoke_and_mirrors,
          serial_bayou_pond_e, kennysheep_windowed_goal, uniq_prince_ribbit1
D:7:      layout_gridville, uniq_pikel, uniq_duvessa
D:8:      layout_loops_ring, mainiacjoe_overflow_small_starburst, serial_shops,
          shop, guppyfry_early_elven_hall, uniq_erica
D:9:      layout_basic, serial_glass, glass_columns_b, glass_columns_a,
          amcnicky_mini_rare_corridor_liquid
D:10:     layout_rooms, david_lair_shrubbed, serial_aquarium,
          aquarium_bridge_long_separate [aquarium_subvault_wall,
          aquarium_subvault_bridge, aquarium_subvault_wall,
          aquarium_subvault_wall, aquarium_subvault_bridge,
          aquarium_subvault_bridge], aquarium_bridge_square
          [aquarium_subvault_bridge, aquarium_subvault_bridge,
          aquarium_subvault_wall, aquarium_subvault_bridge], aquarium_window_1,
          aquarium_window_corner, aquarium_window_corner, aquarium_window_1,
          aquarium_view_2f, aquarium_pool_four, minmay_misc_feat_cross,
          moated_statue, nrook_loot_triangle, minmay_statue_crystal_thing
Temple:   nicolae_temple_slightly_damp_pantheon
Lair:1:   layout_gridlike, nicolae_quartered_pool_medium,
          chequers_serial_rivers_small_b
Lair:2:   layout_hall_layers, nicolae_lair_liquid_snakes
Lair:3:   layout_loops_ring, minmay_swamp_entry_swarm,
          guppyfry_snake_entry_garden, gauntlet_entry_generic
Lair:4:   layout_gridlike, slime_entry_1, small_statue_intersection

Skill      XL: |  1  2  3  4  5  6  7  8  9 10 11 12 |
---------------+-------------------------------------+-----
Stealth        | 7 8 9 10 11 | 11.9
Spellcasting   | 1 2 3 4 5 6 |  6.2
Long Blades    | 3 4 6 7 9 11 | 11.3
Fighting       | 4 5 6 7 8 |  8.4
Dodging        | 3 4 5 6 7 |  7.0
Short Blades   | 1 2 |  2.3
Throwing       | 1 2 3 4 |  4.0
Shields        | 2 3 4 |  4.9
Poison Magic   | 3 |  3.0
Air Magic      | 1 2 |  2.8
Ice Magic      | 1 |  1.7

Action                     |  1- 3 |  4- 6 |  7- 9 | 10-12 || total
---------------------------+-------+-------+-------+-------++-------
  Melee: Falchion          |    68 |    48 |   175 |    32 ||   323
         Constrict         |    16 |    15 |    36 |    44 ||   111
         Tentacles         |    10 |    12 |    42 |    67 ||   131
         Dagger            |    10 |    17 |    35 |    22 ||    84
         Punch             |     1 |       |     5 |     6 ||    12
         Long sword        |       |       |       |    40 ||    40
         Scimitar          |       |       |       |   179 ||   179
  Throw: Dart              |     1 |       |    25 |    99 ||   125
         Boomerang         |       |     3 |    24 |    13 ||    40
 Invoke: Call Merchant     |       |       |     1 |     1 ||     2
  Evoke: Wand              |       |       |     1 |       ||     1
    Use: Scroll            |     2 |       |     2 |    17 ||    21
         Potion            |       |     1 |     1 |     6 ||     8
   Stab: Sleeping          |    22 |    11 |    25 |    20 ||    78
         Distracted        |     1 |       |       |     2 ||     3
 Armour: Skin              |     5 |     8 |     8 |     1 ||    22
  Dodge: Dodged            |    37 |    59 |   131 |   146 ||   373
  Block: Buckler           |       |       |    19 |    62 ||    81

Table legend: (Time is in decaauts)
 A = Elapsed time spent in this place.
 B = Non-inter-level travel time spent in this place.
 C = Inter-level travel time spent in this place.
 D = Time resting spent in this place.
 E = Time spent auto-exploring this place.
 F = Levels seen in this place.
 G = Mean time per level.
                   A        B        C        D        E       F      G
               +--------+--------+--------+--------+--------+-----+--------+
         Total |  16138 |  15690 |    448 |   5105 |   3215 |  15 | 1075.9 |
       Dungeon |  14179 |  13750 |    429 |   4893 |   2660 |  10 | 1417.9 |
        Temple |    158 |    139 |     19 |      0 |    118 |   1 |  158.0 |
          Lair |   1799 |   1799 |      0 |    212 |    437 |   4 |  449.8 |
               +--------+--------+--------+--------+--------+-----+--------+

Top non-repeatable levels by time:
     D:9: 2176 daAuts
     D:5: 2030 daAuts
     D:6: 2008 daAuts
     D:8: 1515 daAuts
     D:1: 1407 daAuts
     D:4: 1181 daAuts
    D:10: 1089 daAuts
  Lair:1: 1053 daAuts
     D:7: 975 daAuts
     D:3: 907 daAuts
     D:2: 887 daAuts
  Lair:2: 333 daAuts
  Lair:3: 239 daAuts
  Lair:4: 173 daAuts
  Temple: 158 daAuts
